 Dungeon Crawl Stone Soup version 0.16.1-5-gaa23807 (webtiles) character file.

390 Psiweapon the Ruffian (level 6, 0/39 HPs)
             Began as a Gargoyle Transmuter on Mar 28, 2015.
             Slain by a centaur
             ... wielding a cursed +0 shortbow
              (6 damage)
             ... on level 5 of the Dungeon.
             The game lasted 00:17:07 (5127 turns).

Psiweapon the Ruffian (Gargoyle Transmuter)         Turns: 5127, Time: 00:17:07

Health: 0/39       AC:  8    Str: 13      XL:     6   Next: 80%
Magic:  9/10       EV: 12    Int: 15      God:
Gold:   198        SH:  0    Dex:  9 (11) Spells: 2 memorised, 6 levels left

rFire  . . .     SeeInvis .     b - 42 arrows
rCold  . . .     Clarity  .     x - +1 robe {MR+}
rNeg   + . .     SustAb   .     (no shield)
rPois  ∞         Gourm    .     (helmet restricted)
rElec  +         Spirit   .     (no cloak)
rCorr  .         Warding  .     w - +0 pair of gloves
rMut   .         Stasis   .     (no boots)
MR     +....                    (no amulet)
Stlth  +.........               (no ring)
                                (no ring)

@: appendage, somewhat resistant to hostile enchantments, very unstealthy
A: horns 2, negative energy resistance 1, electricity resistance, unbreathing,
petrification resistance, rot immunity, AC +4
a: End Transformation


You were on level 5 of the Dungeon.
You were hungry.
You had grown temporary horns.
You visited 1 branch of the dungeon, and saw 5 of its levels.

You collected 198 gold pieces.

Inventory:

Missiles
 b - 42 arrows (in hand)
 e - 23 stones (quivered)
 p - 12 poisoned arrows
 B - 17 bolts
Armour
 w - a +0 pair of gloves (worn)
 x - a +1 robe of magic resistance (worn)
Jewellery
 y - an uncursed amulet of inaccuracy
Magical devices
 l - a wand of polymorph (15)
Scrolls
 i - 2 scrolls of enchant armour
 n - a scroll of remove curse
 t - 2 scrolls of blinking
Potions
 f - a potion of might {unknown}
 g - a potion of magic
 h - a potion of resistance {unknown}
 j - a potion of invisibility
 k - 3 potions of curing {unknown}
 o - a potion of heal wounds {unknown}
 q - 3 potions of poison {unknown}
 s - a potion of berserk rage {unknown}
 u - a potion of restore abilities {unknown}
 v - a potion of cure mutation {unknown}
 z - a potion of brilliance
Books
 d - a book of Changes

   Spells                             Type                      Level
   a - Beastly Appendage              Transmutation                1
   b - Sticks to Snakes               Transmutation                2
   c - Spider Form                    Transmutation/Poison         3
   d - Ice Form                       Ice/Transmutation            4
   e - Blade Hands                    Transmutation                5
Comestibles
 a - 3 bread rations
 c - 7 fruits
 m - a meat ration
 A - a beef jerky


   Skills:
 * Level 4.3 Fighting
 - Level 1.5 Dodging
 - Level 5.0 Unarmed Combat
 - Level 2.0 Spellcasting
 + Level 3.3 Transmutations


You had 6 spell levels left.
You knew the following spells:

 Your Spells              Type           Power        Failure   Level  Hunger
a - Beastly Appendage     Trmt           ##....       8%          1    #......
b - Sticks to Snakes      Trmt           ##........   12%         2    ###....


Dungeon Overview and Level Annotations

Branches:
Dungeon (5/15)
 Temple: D:4-7

Altars:
Makhleb
Nemelex Xobeh
Okawaru
Qazlal


Innate Abilities, Weirdness & Mutations

You are resistant to torment.
You are immune to poison.
Your stone body is very resilient (AC +4).
You resist negative energy.
You are resistant to electric shocks.
You can survive without breathing.
You are immune to petrification.
You are immune to rotting.
You have a pair of horns on your head.


Message History

Eat which item? (? for menu, Esc to quit)
Okay, then.
The centaur shoots an arrow.
The arrow hits you.
You see here an arrow.
The centaur shoots an arrow.
The arrow hits you!
The centaur shoots an arrow.
The arrow closely misses you.
You see here an arrow.
The centaur shoots an arrow.
The arrow hits you!
* * * LOW HITPOINT WARNING * * *
The centaur shoots an arrow.
The arrow hits you.
* * * LOW HITPOINT WARNING * * *
You see here an arrow.
The centaur misses you.
Drink which item? (? for menu, Esc to quit)
It was a potion of magic.
Magic courses through your body. The centaur misses you.
Casting: Sticks to Snakes
Confirm with . or Enter, or press ? or * to list all spells.
You grow a pair of large bovine horns.
The centaur hits you with a shortbow.
You die...

. . ... ... ###
....#######.... ...#
..........(....
#..##...............#
#..########'#
#......(...#
....####.(.((<...#
#....c@........#
#####..........#
#.#........# .
..!##......## .# #.##
##......# .# ..
####...### .# ..
##.....# .# #
#......#.# ..... ...#


You could see a centaur.

Vanquished Creatures
  A giant frog (D:4)
  A hound (D:4)
  An iguana (D:4)
  A worker ant (D:5)
  Jessica (D:3)
  Terence (D:3)
  A hound skeleton (D:4)
  5 adders
  3 worms
  2 giant geckos (D:2)
  An ooze (D:2)
  6 orcs
  9 bats
  4 giant cockroaches
  11 hobgoblins
  7 jackals (D:3)
  3 quokkas
  A ball python (D:4)
  A giant gecko skeleton (D:4)
  5 giant newts
  6 goblins
  5 kobolds
  11 rats
87 creatures vanquished.

Vanquished Creatures (collateral kills)
  An ogre (D:5)
  A quasit (D:4)
  Ijyb (D:3)
3 creatures vanquished.

Grand Total: 90 creatures vanquished

Notes
Turn   | Place    | Note
--------------------------------------------------------------
     0 | D:1      | Psiweapon, the Gargoyle Transmuter, began the quest for the Orb.
     0 | D:1      | Reached XP level 1. HP: 12/12 MP: 3/3
   291 | D:1      | Reached XP level 2. HP: 12/16 MP: 4/4
  1184 | D:2      | Reached XP level 3. HP: 8/20 MP: 6/6
  1188 | D:2      | Learned a level 2 spell: Sticks to Snakes
  1592 | D:2      | Reached skill level 4 in Unarmed Combat
  1634 | D:2      | Found a sparkling altar of Nemelex Xobeh.
  2176 | D:2      | Reached XP level 4. HP: 23/25 MP: 7/7
  2443 | D:3      | Noticed Ijyb
  2474 | D:3      | Killed Ijyb
  2561 | D:3      | Found an iron altar of Okawaru.
  2909 | D:3      | Found a stormy altar of Qazlal.
  2910 | D:3      | Found a burning altar of Makhleb.
  3037 | D:3      | Noticed Terence
  3050 | D:3      | Killed Terence
  3124 | D:3      | Reached skill level 5 in Unarmed Combat
  3133 | D:3      | Reached XP level 5. HP: 19/29 MP: 9/9
  3303 | D:3      | Noticed Jessica
  3312 | D:3      | Killed Jessica
  4264 | D:4      | Noticed a giant frog
  4271 | D:4      | Killed a giant frog
  4271 | D:4      | Reached XP level 6. HP: 34/37 MP: 8/10
  4498 | D:5      | Entered Level 5 of the Dungeon
  5127 | D:5      | Slain by a centaur

Action                   |  1- 3 |  4- 6 || total
-------------------------+-------+-------++-------
Melee: Unarmed           |   149 |   275 ||   424
Throw: Stone             |       |     1 ||     1
 Cast: Beastly Appendage |    11 |    24 ||    35
       Sticks to Snakes  |       |    17 ||    17
  Use: Scroll            |     4 |     4 ||     8
       Potion            |       |     1 ||     1
  Eat: Chunk             |     4 |    11 ||    15
